 Dungeon Crawl Stone Soup version 0.29.0-4-gdea44cf6ec (webtiles) character file.

Game seed: 11703707711587073596

1721 qw the Grappler (level 8, -1/75 HPs)
             Began as a Troll Cinder Acolyte on Sept 1, 2022.
             Was a High Priest of Ignis.
             Killed from afar by an electric eel (3 damage)
             ... with a bolt of electricity
             ... on level 6 of the Dungeon.
             The game lasted 00:02:54 (4847 turns).

qw the Grappler (Troll Cinder Acolyte)              Turns: 4847, Time: 00:02:55

Health: -1/75      AC: 12    Str: 25    XL:     8   Next: 75%
Magic:  8/8        EV:  8    Int: 10    God:    Ignis [*****.]
Gold:   11         SH: 12    Dex:  5    Spells: 9/9 levels left

rFire   + . .      SeeInvis .     - Unarmed
rCold   . . .      Faith    .   f - +0 kite shield
rNeg    . . .      Spirit   .   a - +0 robe
rPois   .          Reflect  +   (helmet restricted)
rElec   .          Harm     .   k - +0 cloak
rCorr   .          Rampage  .   (gloves unavailable)
Will    .....                   (boots unavailable)
Stlth   +.........              h - amulet of reflection
HPRegen 1.02/turn               (no ring)
MPRegen 0.11/turn               (no ring)

@: about to teleport, fiery-armoured
A: large, unfitting armour, claws 3, regeneration 1, shaggy fur 1, tough skin 1
a: Renounce Religion, Fiery Armour, Foxfire Swarm, Rising Flame


You were on level 6 of the Dungeon.
You worshipped Ignis.
Ignis was extremely pleased with you.
You visited 1 branch of the dungeon, and saw 6 of its levels.

You collected 214 gold pieces.
You spent 203 gold pieces at shops.


Innate Abilities, Weirdness & Mutations

You are too large for most types of armour.
You have claws for hands.
Your natural rate of healing is unusually fast.
You are covered in fur. (AC +1)
You have tough skin. (AC +1)


   Skills:
 - Level 3.2 Fighting
 - Level 1.4 Throwing
 - Level 6.1 Shields
 + Level 8.8 Unarmed Combat
 - Level 1.0 Spellcasting
 - Level 2.1 Fire Magic


You had 9 spell levels left.
You didn't know any spells.
Your spell library contained the following spells:

 Spells                   Type           Power      Damage    Failure   Level
 Scorch                   Fire           8%         2d5       41%         2

Inventory:

Missiles
 j - 6 boomerangs
 l - 3 javelins (quivered)
Armour
 a - a +0 robe (worn)
 f - a +0 kite shield (worn)
 k - a +0 cloak (worn)
Jewellery
 h - an amulet of reflection (around neck)
Scrolls
 d - 2 scrolls of identify
 e - a scroll of brand weapon
 i - 2 scrolls of teleportation
Potions
 b - a potion of cancellation
 c - 3 potions of might
 g - 2 potions of curing

Dungeon Overview and Level Annotations

Branches:
Dungeon (6/15)             Temple (0/1) D:4

Altars:
Elyvilon
Makhleb
Okawaru
Ru
Trog
Zin

Shops:
D:6 ?!:?(

Annotations:
D:6 1 runed translucent door, Crazy Yiuf


Message History

You closely miss the ufetubus. You block the ufetubus's attack.
The ufetubus hits you. You block the ufetubus's attack. The ufetubus hits you.
You mangle the ufetubus!!
You kill the ufetubus!
You start resting.
HP restored.
l - 3 javelins (gained 1)
The electric eel shoots out a bolt of lightning at you!
The bolt of electricity hits you!
4799 ||| FLEEEEING.
You start resting.
HP restored.
The electric eel shoots out a bolt of lightning at you!
The bolt of electricity hits you!
Enter note:
4826 ||| FLEEEEING.
4827 ||| FLEEEEING.
4828 ||| FLEEEEING.
You start resting.
HP restored.
The electric eel shoots out a bolt of lightning at you!
The bolt of electricity hits you! x2
You barely miss the electric eel. You miss the electric eel.
The electric eel shoots out a bolt of lightning at you!
The bolt of electricity hits you! The bolt of electricity misses you.
You closely miss the electric eel.
The electric eel shoots out a bolt of lightning at you!
The bolt of electricity hits you! x2
4846 ||| INVOKING Fiery Armour.
A protective cloak of flame settles atop you.
The electric eel shoots out a bolt of lightning at you!
The bolt of electricity hits you! x2
4847 ||| READING 3 scrolls of teleportation.
As you read the scroll of teleportation, it crumbles to dust.
You feel strangely unstable.
The electric eel shoots out a bolt of lightning at you!
The bolt of electricity hits you.
You die...

......##....##......#
.............#....###
##.##...#....#......##
##............##.##..#
............#.#P.P#..#
.....#.......##~.~####
........!..###~~.~~###
......#....#P~~~.~~~P#..
...##....#......@.......
....#....#.#P~~~.S~~P#.#
.........#####~~.~~#####
.............##~.~###..###
#...........###P.P# #....#
..........<.# .....##...##
............#
7...7.#....##
............#
..8...#.....#
....(.#.#...# ##...#####


You could see an electric eel.

Vanquished Creatures
  Grinder (D:5)
  Edmund (D:5)
  2 black bears (D:5)
  An orc warrior (D:6)
  2 ice beasts (D:6)
  A phantom (D:5)
  4 necrophages
  2 scorpions
  2 howler monkeys (D:5)
  2 orc priests
  Jessica (D:2)
  3 iguanas
  3 orc wizards
  3 gnolls (D:5)
  7 adders
  2 ufetubi
  A worm (D:2)
  2 dart slugs
  10 orcs
  13 ball pythons
  9 bats
  8 endoplasms
  7 giant cockroaches
  9 goblins
  11 hobgoblins
  4 jackals (D:1)
  4 quokkas
  4 frilled lizards
  5 kobolds
  6 rats
130 creatures vanquished.

Notes
Turn   | Place    | Note
-------+----------+-------------------------------------------
     0 | D:1      | qw the Troll Cinder Acolyte began the quest for the Orb.
     0 | D:1      | Reached XP level 1. HP: 22/22 MP: 1/1
     0 | D:1      | 0 ||| qw: Version: 0.1-a-97-g2dd2ca4
     0 | D:1      | 0 ||| qw: Game counter: 4756
     0 | D:1      | 0 ||| qw: Always use a shield: true
     0 | D:1      | 0 ||| qw: God list: Okawaru
     0 | D:1      | 0 ||| qw: Allow faded altars: false
     0 | D:1      | 0 ||| qw: Do Orc after D:15 true
     0 | D:1      | 0 ||| qw: Do second Lair branch before Depths: true
     0 | D:1      | 0 ||| qw: Lair rune preference: random
     0 | D:1      | 0 ||| qw: Plans: Normal
     0 | D:1      | 0 ||| PLANNING D:1-11
   114 | D:1      | Reached XP level 2. HP: 29/29 MP: 2/2
   436 | D:1      | Reached skill level 4 in Unarmed Combat
   571 | D:1      | Reached XP level 3. HP: 32/36 MP: 3/3
   751 | D:1      | 751 ||| READING scroll labelled TOALYK NUPRUGAP.
   752 | D:1      | 752 ||| READING 2 scrolls labelled MEACIO KAUNNANIO.
   969 | D:2      | Noticed Jessica
   974 | D:2      | Killed Jessica
   975 | D:2      | Reached XP level 4. HP: 44/44 MP: 4/4
   997 | D:2      | Reached skill level 5 in Unarmed Combat
  1099 | D:2      | 1099 ||| Stepping ~*~*~tactically~*~*~ (stealth).
  1350 | D:2      | 1350 ||| READING scroll labelled BANITTU KIETZY.
  1372 | D:2      | 1372 ||| READING scroll labelled WAUTUR JIESE.
  1373 | D:2      | 1373 ||| READING 3 scrolls of identify.
  1373 | D:2      | 1373 ||| IDENTIFYING sedimented amethyst potion
  1374 | D:2      | 1374 ||| READING 2 scrolls of identify.
  1374 | D:2      | 1374 ||| IDENTIFYING sedimented grey potion
  1375 | D:2      | 1375 ||| DROPPING potion of lignification.
  1395 | D:3      | 1395 ||| STAIRDANCE
  1453 | D:3      | Found a white marble altar of Elyvilon.
  1553 | D:3      | 1553 ||| Stepping randomly (stuck).
  1554 | D:3      | 1554 ||| Stepping randomly (stuck).
  1567 | D:3      | 1567 ||| Stepping ~*~*~tactically~*~*~ (outnumbered).
  1583 | D:3      | 1583 ||| READING 2 scrolls of identify.
  1583 | D:3      | 1583 ||| IDENTIFYING murky orange potion
  1584 | D:3      | 1584 ||| Stepping randomly (stuck).
  1585 | D:3      | 1585 ||| Stepping randomly (stuck).
  1586 | D:3      | 1586 ||| Stepping randomly (stuck).
  1756 | D:3      | Found a bloodstained altar of Trog.
  1954 | D:3      | Reached XP level 5. HP: 50/50 MP: 5/5
  2348 | D:3      | 2348 ||| Stepping ~*~*~tactically~*~*~ (stealth).
  2350 | D:3      | 2350 ||| Stepping ~*~*~tactically~*~*~ (outnumbered).
  2355 | D:3      | 2355 ||| Stepping ~*~*~tactically~*~*~ (outnumbered).
  2365 | D:3      | Reached skill level 6 in Unarmed Combat
  2441 | D:3      | 2441 ||| UPGRADING to amulet of reflection.
  2446 | D:3      | 2446 ||| READING scroll labelled ASINOPPETIT.
  2447 | D:3      | 2447 ||| READING 3 scrolls of identify.
  2447 | D:3      | 2447 ||| IDENTIFYING sapphire potion
  2448 | D:3      | 2448 ||| READING 2 scrolls of identify.
  2448 | D:3      | 2448 ||| IDENTIFYING emerald potion
  2449 | D:3      | 2449 ||| DROPPING potion of flight.
  2450 | D:3      | 2450 ||| DROPPING potion of brilliance.
  2744 | D:4      | Found a burning altar of Makhleb.
  2748 | D:4      | Noticed a balrug
  2750 | D:4      | Found a glowing silver altar of Zin.
  2751 | D:4      | Noticed an angel
  2806 | D:4      | 2806 ||| Stepping ~*~*~tactically~*~*~ (stealth).
  2812 | D:4      | 2812 ||| Stepping ~*~*~tactically~*~*~ (stealth).
  2846 | D:4      | 2846 ||| Stepping ~*~*~tactically~*~*~ (stealth).
  2854 | D:4      | 2854 ||| Stepping ~*~*~tactically~*~*~ (stealth).
  2855 | D:4      | 2855 ||| Stepping ~*~*~tactically~*~*~ (stealth).
  2857 | D:4      | 2857 ||| Stepping ~*~*~tactically~*~*~ (stealth).
  2859 | D:4      | 2859 ||| Stepping ~*~*~tactically~*~*~ (stealth).
  2861 | D:4      | 2861 ||| INVOKING Fiery Armour.
  2870 | D:4      | Reached XP level 6. HP: 41/59 MP: 6/6
  2876 | D:4      | Reached skill level 7 in Unarmed Combat
  2897 | D:4      | Identified the +3 dagger of Rygesh {elec, Int+5 SInv}
  3152 | D:4      | Found a staircase to the Ecumenical Temple.
  3288 | D:4      | 3288 ||| UPGRADING to +0 kite shield.
  3293 | D:4      | 3293 ||| UPGRADING to +0 cloak.
  3298 | D:4      | 3298 ||| DROPPING ring of magical power.
  3299 | D:4      | 3299 ||| READING 3 scrolls of identify.
  3299 | D:4      | 3299 ||| IDENTIFYING fizzy yellow potion
  3300 | D:4      | 3300 ||| READING 2 scrolls of identify.
  3300 | D:4      | 3300 ||| IDENTIFYING puce potion
  3301 | D:4      | 3301 ||| DROPPING potion of degeneration.
  3362 | D:5      | Entered Level 5 of the Dungeon
  3386 | D:5      | Noticed Edmund
  3392 | D:5      | Killed Edmund
  3421 | D:5      | Reached skill level 3 in Shields
  3421 | D:5      | Reached XP level 7. HP: 56/66 MP: 7/7
  3451 | D:5      | Reached skill level 1 in Throwing
  3500 | D:5      | Noticed Grinder
  3507 | D:5      | 3507 ||| Stepping ~*~*~tactically~*~*~ (hiding).
  3516 | D:5      | Killed Grinder
  3564 | D:5      | 3564 ||| Stepping ~*~*~tactically~*~*~ (hiding).
  3606 | D:5      | Found a sacrificial altar of Ru.
  3898 | D:5      | Reached XP level 8. HP: 74/74 MP: 8/8
  4113 | D:5      | 4113 ||| READING scroll labelled SAICUOWU SOEWK.
  4118 | D:5      | 4118 ||| READING 2 scrolls of identify.
  4118 | D:5      | 4118 ||| IDENTIFYING smoky coppery potion
  4119 | D:5      | 4119 ||| DROPPING potion of magic.
  4144 | D:6      | 4144 ||| STAIRDANCE
  4153 | D:6      | 4153 ||| STAIRDANCE
  4160 | D:6      | 4160 ||| STAIRDANCE
  4162 | D:5      | 4162 ||| Stepping ~*~*~tactically~*~*~ (outnumbered).
  4163 | D:5      | 4163 ||| Stepping ~*~*~tactically~*~*~ (outnumbered).
  4164 | D:5      | 4164 ||| Stepping ~*~*~tactically~*~*~ (outnumbered).
  4165 | D:5      | 4165 ||| Stepping ~*~*~tactically~*~*~ (outnumbered).
  4181 | D:5      | Reached skill level 6 in Shields
  4187 | D:5      | 4187 ||| FLEEEEING.
  4252 | D:6      | Reached skill level 8 in Unarmed Combat
  4274 | D:6      | 4274 ||| Stepping ~*~*~tactically~*~*~ (stealth).
  4275 | D:6      | 4275 ||| Stepping ~*~*~tactically~*~*~ (stealth).
  4275 | D:6      | Found an iron altar of Okawaru.
  4277 | D:6      | 4277 ||| Stepping ~*~*~tactically~*~*~ (stealth).
  4282 | D:6      | 4282 ||| Stepping ~*~*~tactically~*~*~ (stealth).
  4294 | D:6      | Reached skill level 3 in Fighting
  4314 | D:6      | 4314 ||| INVOKING Fiery Armour.
  4389 | D:6      | 4389 ||| Stepping ~*~*~tactically~*~*~ (stealth).
  4398 | D:6      | 4398 ||| FLEEEEING.
  4399 | D:6      | 4399 ||| FLEEEEING.
  4400 | D:6      | 4400 ||| FLEEEEING.
  4421 | D:6      | 4421 ||| FLEEEEING.
  4428 | D:6      | 4428 ||| STAIRDANCE
  4435 | D:5      | 4435 ||| READING 2 scrolls labelled TUEGRY TOECK.
  4436 | D:5      | 4436 ||| DROPPING scroll of immolation.
  4561 | D:6      | Found Zedwah's Magic Scroll Shoppe.
  4564 | D:6      | 4564 ||| BUYING scroll of brand weapon (104 gold).
  4564 | D:6      | Bought a scroll of brand weapon for 104 gold pieces
  4564 | D:6      | 4564 ||| BUYING scroll of teleportation (33 gold).
  4564 | D:6      | Bought a scroll of teleportation for 33 gold pieces
  4564 | D:6      | 4564 ||| BUYING scroll of teleportation (33 gold).
  4564 | D:6      | Bought a scroll of teleportation for 33 gold pieces
  4564 | D:6      | 4564 ||| BUYING scroll of teleportation (33 gold).
  4564 | D:6      | Bought a scroll of teleportation for 33 gold pieces
  4615 | D:6      | Found a runed translucent door.
  4616 | D:6      | Noticed Crazy Yiuf
  4674 | D:6      | Found Buux's Magic Scroll Emporium.
  4676 | D:6      | Found Jaacse's Distillery.
  4678 | D:6      | Found Piomil's Book Boutique.
  4678 | D:6      | Found Maichog's Weapon Emporium.
  4682 | D:6      | 4682 ||| SHOPLISTING potion of curing (36 gold, have 11).
  4682 | D:6      | 4682 ||| SHOPLISTING potion of heal wounds (60 gold, have
                  | 11).
  4682 | D:6      | 4682 ||| SHOPLISTING potion of might (48 gold, have 11).
  4682 | D:6      | 4682 ||| SHOPLISTING potion of mutation (96 gold, have 11).
  4708 | D:6      | 4708 ||| SHOPLISTING 2 scrolls of teleportation (72 gold,
                  | have 11).
  4708 | D:6      | 4708 ||| SHOPLISTING scroll of identify (24 gold, have 11).
  4708 | D:6      | 4708 ||| SHOPLISTING scroll of teleportation (36 gold, have
                  | 11).
  4774 | D:6      | 4774 ||| Stepping ~*~*~tactically~*~*~ (stealth).
  4799 | D:6      | 4799 ||| FLEEEEING.
  4826 | D:6      | 4826 ||| FLEEEEING.
  4827 | D:6      | 4827 ||| FLEEEEING.
  4828 | D:6      | 4828 ||| FLEEEEING.
  4846 | D:6      | 4846 ||| INVOKING Fiery Armour.
  4846 | D:6      | HP: 15/75 [electric eel/bolt of electricity (10)]
  4846 | D:6      | HP: 1/75 [electric eel/bolt of electricity (14)]
  4847 | D:6      | 4847 ||| READING 3 scrolls of teleportation.
  4847 | D:6      | Killed from afar by an electric eel

Levels and vault maps discovered:
D:1:      dpeg_arrival_prison, layout_basic,
          nicolae_concentric_dashed_squares_wild
D:2:      cheibrodos_helix_gallery, layout_basic, minmay_tromino_i2,
          uniq_jessica
D:3:      minmay_diamond_boxcup, layout_loops_corners, trog_butcher_becter,
          elyvilon_altar_3, minmay_fractal_squares_5
D:4:      layout_loops_cross, grunt_temple_overflow_order_and_chaos_2,
          minmay_temple_entry_gardened_gates, chequers_arboretum, st_stairs_1,
          hangedman_decor_growths
D:5:      cheibrodos_quashed, layout_basic, kennysheep_little_box, uniq_edmund,
          uniq_grinder
D:6:      layout_cave_pools, okawaru_gym_becter, serial_shops,
          nicolae_shop_behind_doors, dreamdust_princess_bridge,
          ebering_dispersal_statue_hall, nicolae_wooded_promenade,
          uniq_crazy_yiuf_cottage

Skill      XL: |  1  2  3  4  5  6  7  8 |
---------------+-------------------------+-----
Unarmed Combat | 4 5 6 7 8 |  8.8
Shields        | 3 5 6 |  6.1
Throwing       | 1 |  1.4
Fighting       | 3 |  3.2
Spellcasting   | |  1.0
Fire Magic     | |  2.1

Action                   |  1- 3 |  4- 6 |  7- 9 || total
-------------------------+-------+-------+-------++-------
Melee: Unarmed           |    86 |   159 |   109 ||   354
       Punch             |     1 |     1 |       ||     2
Throw: Boomerang         |       |     8 |       ||     8
       Javelin           |       |     1 |    17 ||    18
Invok: Fiery Armour      |       |     1 |     2 ||     3
  Use: Scroll            |     2 |    10 |     4 ||    16
 Stab: Distracted        |       |     1 |       ||     1
Armor: Robe              |    13 |    52 |    25 ||    90
Dodge: Dodged            |    31 |    46 |    22 ||    99
Block: Other             |       |     7 |       ||     7
       Reflection        |       |     2 |     1 ||     3
       Kite shield       |       |     5 |    51 ||    56

Table legend:
 A = Non-vault XP
 B = Vault XP
 C = Vault XP percentage of total XP
 D = Non-vault monster count
 E = Vault monster count
 F = Vault count percentage of total count
                 A         B        C        D         E       F
            +---------+---------+-------+---------+---------+-------
      Total |    1916 |     543 |  22.1 |     102 |      28 |  21.5
            +---------+---------+-------+---------+---------+-------
        D:1 |      43 |       0 |   0.0 |      24 |       0 |   0.0
        D:2 |      43 |      42 |  49.4 |      16 |       4 |  20.0
        D:3 |      37 |      69 |  65.1 |      15 |      20 |  57.1
        D:4 |     289 |      10 |   3.3 |      22 |       2 |   8.3
        D:5 |     773 |     422 |  35.3 |      14 |       2 |  12.5
        D:6 |     731 |       0 |   0.0 |      11 |       0 |   0.0
            +---------+---------+-------+---------+---------+-------
